 Dungeon Crawl Stone Soup version 0.24.0-29-g8ce449bc06 (webtiles) character file.

Game seed: 5309451591858555835, levelgen mode: deterministic

349 FishyPogo the Grave Robber (level 6, -6/32 HPs)
             Began as a Vine Stalker Necromancer on Nov 14, 2019.
             Was a Follower of Ru.
             Mangled by an ogre
             ... wielding a +0 giant club
              (23 damage)
             ... on level 4 of the Dungeon on Nov 15, 2019.
             The game lasted 00:17:35 (3814 turns).

FishyPogo the Grave Robber (VSNe)                   Turns: 3814, Time: 00:17:36

Health: -6/32      AC:  4    Str: 11    XL:     6   Next: 60%
Magic:  0/11       EV: 13    Int: 16    God:    Ru [*.....]
Gold:   267        SH:  0    Dex: 15    Spells: 6/11 levels left

rFire    . . .     SeeInvis .   o - +3 short sword
rCold    . . .     Gourm    .   (no shield)
rNeg     . . .     Faith    .   a - +0 robe
rPois    .         Spirit   +   (no helmet)
rElec    .         Reflect  .   (no cloak)
rCorr    .         Harm     .   f - +1 pair of gloves
MR       .....                  (no boots)
Stlth    ++........             (no amulet)
HPRegen  0.50/turn              (no ring)
MPRegen  0.12/turn              (no ring)

@: very slightly contaminated
A: fangs 2, regeneration 1, magic shield, antimagic bite, no potion heal 3, rot
immunity, inability to train armour
a: Renounce Religion


You were on level 4 of the Dungeon.
You worshipped Ru.
Ru was aware of your devotion.
You were not hungry.

You visited 1 branch of the dungeon, and saw 4 of its levels.

You collected 267 gold pieces.

Inventory:

Hand Weapons
 o - a +3 short sword (weapon)
Missiles
 b - 149 stones (quivered)
 g - 43 poisoned darts
 s - 4 boomerangs
Armour
 a - a +0 robe (worn)
 f - a +1 pair of gloves (worn)
 t - a +0 ring mail of fire resistance
Scrolls
 d - 3 scrolls of blinking {unknown}
 e - a scroll of fog {unknown}
 h - 2 scrolls of noise {unknown}
 m - 3 scrolls of identify {unknown}
 n - 2 scrolls of enchant weapon {unknown}
 p - a scroll of teleportation {unknown}
 q - a scroll of remove curse {unknown}
 r - a scroll of enchant armour {unknown}
 v - 2 scrolls of amnesia {unknown}
Potions
 i - a potion of flight {unknown}
 j - 2 potions of curing {unknown}
 k - 4 potions of cancellation {unknown}
 l - a potion of heal wounds {unknown}
 w - a potion of resistance {unknown}
 x - a potion of lignification
 z - a potion of berserk rage {unknown}
Comestibles
 c - 9 rations
 u - 3 chunks of flesh


   Skills:
 + Level 2.9 Fighting
 - Level 1.8 Throwing
 + Level 3.2 Dodging
 - Level 3.0 Stealth
 - Level 3.0 Spellcasting
 + Level 4.5 Necromancy


You had 6 spell levels left.
You knew the following spells:

 Your Spells              Type           Power        Failure   Level  Hunger
a - Pain                  Necr           ###.         3%          1    #......
b - Vampiric Draining     Necr           ###.......   9%          3    ###....
y - Animate Skeleton      Necr           N/A          3%          1    #......

Your spell library contained the following spells:

 Spells                   Type           Power        Failure   Level  Hunger
 Regeneration             Chrm/Necr      #.........   22%         3    ###....
 Animate Dead             Necr           N/A          28%         4    #####..


Dungeon Overview and Level Annotations

Branches:
Dungeon (4/15)             Temple (0/1) D:4

Altars:
Kikubaaqudgha
Okawaru
Ru
Trog
Wu Jian


Innate Abilities, Weirdness & Mutations

You have extremely sharp teeth.
Your natural rate of healing is unusually fast.
When hurt, damage is shared between your health and your magic reserves.
Your bite disrupts and absorbs the magic of your enemies.
Potions cannot restore your health.
You are immune to rotting.
You cannot train Armour skill.


Message History

You hit the ogre. Your bite misses the ogre.
The ogre is moderately wounded.
The ogre hits you with a +0 giant club.
You closely miss the ogre.
The ogre is moderately wounded.
The ogre hits you with a +0 giant club!!
Ouch! That really hurt!
* * * LOW HITPOINT WARNING * * *
You hear an angry hiss.
An adder comes into view.
Casting: Pain (safe; 3% risk of failure)
Confirm with . or Enter, or press ? or * to list all spells.
Aiming: Vampiric Draining (safe; 9% risk of failure)
Press: ? - help, Shift-Dir - straight line, f/p - ogre
Aim: an ogre, wielding a +0 giant club (moderately wounded)
The ogre is severely wounded.
You feel life coursing into your body.
The ogre hits you with a +0 giant club!!
Ouch! That really hurt!
You die...

...# #.###+###....##..#.......#..
##.###.#.....##.#.##..#..###.>...
#.....#.###.#...................
#.###.+.#>+.'..#.##..<......#.#.
#.....#.###.#....##.###.###....#
#.#####.....##.####.# #.# #.#.##
#)# ###'####.## #.# #.# ..#.#
##.# #..# #..# #.# #. ##
...########.# ##@# #.. .....[..#
#.# #O# ## ...####.# #.#
#.#######.
##.####.###.####S........
#................#######
######.########... #..........###
############


You could see an ogre and an adder.

Vanquished Creatures
  An ogre (D:4)
  A hound (D:4)
  A worker ant (D:4)
  A howler monkey skeleton (D:4)
  6 adders
  An ooze (D:3)
  An adder skeleton (D:4)
  3 worms (D:3)
  A dart slug (D:3)
  3 leopard geckos
  17 orcs
  5 giant cockroaches
  3 goblins
  13 hobgoblins
  2 jackals (D:1)
  12 kobolds
  5 bats
  4 frilled lizards
  10 rats
90 creatures vanquished.

Vanquished Creatures (collateral kills)
  An orc wizard (D:3)
  An adder (D:4)
  A goblin (D:1)
3 creatures vanquished.

Vanquished Creatures (others)
  6 toadstools (D:1)
6 creatures vanquished.

Grand Total: 99 creatures vanquished

Notes
Turn   | Place    | Note
-------+----------+-------------------------------------------
     0 | D:1      | FishyPogo the Vine Stalker Necromancer began the quest for
                  | the Orb.
     0 | D:1      | Reached XP level 1. HP: 9/9 MP: 4/4
    20 | D:1      | Learned a level 1 spell: Animate Skeleton
   512 | D:1      | Reached XP level 2. HP: 10/14 MP: 3/6
  1029 | D:1      | Reached skill level 1 in Fighting
  1071 | D:1      | Reached XP level 3. HP: 12/18 MP: 2/7
  1658 | D:2      | Learned a level 3 spell: Vampiric Draining
  1792 | D:2      | Found a sacrificial altar of Ru.
  1801 | D:2      | Became a worshipper of Ru the Awakened
  1883 | D:2      | Found an ornate altar of the Wu Jian Council.
  1884 | D:2      | Found an ancient bone altar of Kikubaaqudgha.
  1991 | D:2      | Reached skill level 1 in Throwing
  2261 | D:3      | Gained mutation: Your natural rate of healing is unusually
                  | fast. [Vine Stalker growth]
  2261 | D:3      | Reached XP level 4. HP: 16/22 MP: 2/9
  2509 | D:3      | Reached XP level 5. HP: 25/26 MP: 3/10
  3073 | D:3      | Gained mutation: You cannot train Armour skill. [Ru
                  | sacrifice]
  3073 | D:3      | Reached * piety under Ru
  3418 | D:4      | Noticed an ogre
  3430 | D:4      | Killed an ogre
  3430 | D:4      | Reached XP level 6. HP: 13/32 MP: 0/11
  3587 | D:4      | Found an iron altar of Okawaru.
  3588 | D:4      | Found a bloodstained altar of Trog.
  3727 | D:4      | Found a staircase to the Ecumenical Temple.
  3814 | D:4      | Mangled by an ogre

Levels and vault maps discovered:
D:1:      saegor_arrival_simple_b, layout_loops_corners,
          minmay_gold_behind_fungi, patterned_corridor
D:2:      layout_loops_ring, gammafunk_temple_overflow_statue,
          lemuel_crystal_altar, first_ration, minmay_misc_feat_columns
D:3:      minmay_skewed_foursquare, layout_loops_cross, roderic_roman_lattice,
          minmay_misc_feat_rugged, st_stairs_13, minmay_three_crescents
D:4:      layout_loops_ring, grunt_temple_overflow_bloody_war,
          grunt_temple_overflow_gold_and_silver,
          minmay_temple_entry_glassed_door

Skill      XL: |  1  2  3  4  5 |
---------------+----------------+-----
Dodging        | 2 3 |  3.2
Fighting       | 1 2 |  2.9
Throwing       | 1 |  1.8
Spellcasting   | 3 |  3.0
Stealth        | 3 |  3.0
Necromancy     | |  4.5

Action                   |  1- 3 |  4- 6 || total
-------------------------+-------+-------++-------
Melee: Unarmed           |    45 |       ||    45
       Bite              |    18 |    15 ||    33
       Short sword       |    27 |    80 ||   107
 Cast: Pain              |    46 |    68 ||   114
       Animate Skeleton  |     7 |    12 ||    19
       Vampiric Draining |     4 |     4 ||     8
Invok: Sacrifice Durabil |       |     1 ||     1
  Use: Potion            |     2 |       ||     2
 Stab: Sleeping          |     3 |     4 ||     7
       Distracted        |     1 |       ||     1
  Eat: Chunk             |     5 |     6 ||    11
Armor: Robe              |    22 |    15 ||    37
       Skin              |     4 |       ||     4
Dodge: Dodged            |    34 |    56 ||    90
